 Dungeon Crawl Stone Soup version 0.24.0-13-gcf9b319 (webtiles) character file.

Game seed: 17707941976663600151, levelgen mode: deterministic

42 Bronimir the Poker (level 3, -5/28 HPs)
             Began as a Merfolk Skald on Apr 10, 2020.
             Slain by a gnoll
             ... wielding a +0 club of chaos
              (14 damage)
             ... on level 2 of the Dungeon.
             The game lasted 00:02:18 (1029 turns).

Bronimir the Poker (Merfolk Skald)                  Turns: 1029, Time: 00:02:19

Health: -5/28      AC:  3    Str: 12    XL:     3   Next: 56%
Magic:  0/6        EV: 15    Int: 12    God:
Gold:   98         SH:  0    Dex: 13    Spells: 1/6 levels left

rFire    . . .     SeeInvis .   a - +0 spear
rCold    . . .     Gourm    .   (no shield)
rNeg     + . .     Faith    .   b - +0 leather armour
rPois    +         Spirit   .   (no helmet)
rElec    .         Reflect  .   (no cloak)
rCorr    .         Harm     .   (no gloves)
MR       .....                  (boots currently unavailable)
Stlth    ++........             (no amulet)
HPRegen  0.09/turn              g - ring of positive energy
MPRegen  0.10/turn              j - ring of poison resistance

@: infused, very quick
A: change form in water, swift swim, stealthy swim
a: no special abilities


You were on level 2 of the Dungeon.
You were hungry.

You visited 1 branch of the dungeon, and saw 2 of its levels.

You collected 98 gold pieces.

Inventory:

Hand Weapons
 a - a +0 spear (weapon)
Missiles
 c - 2 boomerangs (quivered)
 f - 33 stones
Armour
 b - a +0 leather armour (worn)
Jewellery
 g - a ring of positive energy (left hand)
 j - a ring of poison resistance (right hand)
Potions
 e - 2 potions of curing {unknown}
 h - a potion of invisibility {unknown}
 i - 2 potions of agility {unknown}
Comestibles
 d - 3 rations


   Skills:
 * Level 2.7 Fighting
 * Level 4.1 Polearms
 * Level 0.7 Armour
 * Level 3.1 Dodging
 + Level 2.1 Spellcasting
 * Level 3.5 Charms


You had one spell level left.
You knew the following spells:

 Your Spells              Type           Power        Failure   Level  Hunger
a - Infusion              Chrm           #...         8%          1    ##.....
b - Song of Slaying       Chrm           #.......     12%         2    ###....
c - Shroud of Golubria    Chrm/Tloc      #.....       26%         2    ###....

Your spell library contained the following spells:

 Spells                   Type           Power        Failure   Level  Hunger
 Regeneration             Chrm/Necr      #.........   45%         3    ####...
 Spectral Weapon          Hex/Chrm       #.......     45%         3    ####...


Dungeon Overview and Level Annotations

Branches:
Dungeon (2/15)

Altars:


Message History

You are too injured to fight recklessly!
You are too injured to fight recklessly!
Casting: Shroud of Golubria (safe; 26% risk of failure)
Confirm with . or Enter, or press ? or * to list all spells.
You begin infusing your attacks with magical energy.
The gnoll closely misses you.
You are too injured to fight recklessly!
You are too injured to fight recklessly!
You are too injured to fight recklessly!
You are too injured to fight recklessly!
You are too injured to fight recklessly!
You hit the gnoll but do no damage.
Your tail-slap misses the gnoll.
The gnoll is heavily wounded.
The gnoll closely misses you.
You hit the gnoll.
The gnoll is heavily wounded.
The gnoll hits you with a +0 club of chaos.
You are electrocuted!
Ouch! That really hurt!
You die...

#.≈ ⌠ #..≈^
#.... .#.##≈
⌠.##. #.≈.. #
##⌠..≈...## ≈#
##.##.#.≈. ≈#≈
##⌠...)#≈# #≈..
#.≈####g)###⌠##
#≈.@.≈...#
######.######
.........<#
....####### ..


You could see a gnoll.

Vanquished Creatures
  A gnoll (D:2)
  A dart slug (D:1)
  A leopard gecko (D:1)
  3 orcs (D:2)
  A giant cockroach (D:1)
  4 goblins (D:1)
  3 jackals (D:1)
  6 kobolds
  2 bats (D:1)
  A frilled lizard (D:1)
  3 rats (D:1)
26 creatures vanquished.

Notes
Turn   | Place    | Note
-------+----------+-------------------------------------------
     0 | D:1      | Bronimir the Merfolk Skald began the quest for the Orb.
     0 | D:1      | Reached XP level 1. HP: 16/16 MP: 3/3
    94 | D:1      | Reached XP level 2. HP: 12/23 MP: 5/5
   423 | D:1      | Learned a level 2 spell: Song of Slaying
   426 | D:1      | Learned a level 2 spell: Shroud of Golubria
   871 | D:1      | Reached XP level 3. HP: 28/28 MP: 6/6
  1019 | D:2      | Reached skill level 4 in Polearms
  1029 | D:2      | Slain by a gnoll

Levels and vault maps discovered:
D:1:      tarquinn_simple_flora_water_f, layout_loops_cross,
          chequers_serial_rivers_micro_c, grunt_decor_fettered
D:2:      layout_loops_ring, tgw_xom, hangedman_feature_mirror

Skill      XL: |  1  2  3 |
---------------+----------+-----
Dodging        | 3 |  3.1
Polearms       | 4 |  4.1
Fighting       | |  2.7
Armour         | |  0.7
Spellcasting   | |  2.1
Charms         | |  3.5

Action                   || total
-------------------------++-------
Melee: Spear             ||   114
       Tailslap          ||     3
 Cast: Infusion          ||     3
       Shroud of Golubri ||     1
Armor: Leather armour    ||    16
Dodge: Dodged            ||    57
